[Event "ESP-chT 2nd Division 2019"]
[Site "Linares"]
[Date "2019.08.19"]
[Round "1.2"]
[White "Del Rio De Angelis, Salvador G."]
[Black "Lopez Gonzalez, Alfonso"]
[Result "1-0"]
[ECO "D61"]
[WhiteElo "2472"]
[BlackElo "2219"]
[Annotator "ChessBase"]
[PlyCount "119"]
[EventDate "2019.08.19"]
[EventType "team-tourn"]
[EventCountry "ESP"]
[SourceTitle "playchess.com"]
[Source "ChessBase"]
[SourceQuality "1"]
[TimeControl "5400+30"]

1. d4 d5 2. c4 e6 3. Nc3 Nf6 4. Bg5 Be7 5. e3 Nbd7 6. Nf3 O-O 7. Qc2 c6 8. O-O-O dxc4 9. Bxc4 Qa5 10. Kb1 b6 11. e4 b5 12. Bd3 h6 13. Bh4 Re8 14. e5 Nd5 15. Nxd5 cxd5 16. Qc6 Qb6 17. Qxb6 Nxb6 18. Bxb5 Bd7 19. Bxd7 Nxd7 20. Bxe7 Rxe7 21. Rc1 Nb6 22. Rc6 Rb8 23. Rhc1 Rbb7 24. Ne1 Nc4 25. Nd3 Kh7 26. Rc3 Rb8 27. Ra6 Rc7 28. Kc1 Rbc8 29. Ne1 Kg6 30. Nc2 Nb6 31. Rxc7 Rxc7 32. Ra3 f6 33. Rg3+ Kf7 34. exf6 gxf6 35. b3 a5 36. Kd2 a4 37. Rh3 axb3 38. axb3 Kg7 39. Rc3 Rb7 40. Ne1 Na8 41. Rc8 Nc7 42. Nd3 Ra7 43. Ke3 Nb5 44. Rc6 Kf7 45. Rb6 Nc7 46. Nc5 Ke7 47. g4 e5 48. dxe5 fxe5 49. Rxh6 Ra1 50. Rc6 Kd8 51. Rd6+ Kc8 52. g5 Re1+ 53. Kf3 e4+ 54. Kg2 e3 55. fxe3 Rxe3 56. g6 Re5 57. h4 Ne8 58. Re6 Rxe6 59. Nxe6 Kd7 60. Nf4 1-0

[Event "ESP-chT 2nd Division 2019"]
[Site "Linares"]
[Date "2019.08.19"]
[Round "1.3"]
[White "Espineira Gonzalez, Pablo D."]
[Black "Iruzubieta Villaluenga, Jesus M"]
[Result "0-1"]
[ECO "A25"]
[WhiteElo "2179"]
[BlackElo "2438"]
[Annotator "NA"]
[PlyCount "95"]
[EventDate "2019.08.19"]
[EventType "team-tourn"]
[EventCountry "ESP"]
[SourceTitle "playchess.com"]
[Source "ChessBase"]
[SourceQuality "1"]
[TimeControl "5400+30"]

1. c4 e5 2. Nc3 Nc6 3. g3 g6 4. Bg2 Bg7 5. Rb1 d6 6. b4 a6 7. d3 f5 8. Nd5 Nce7 9. Bb2 Nxd5 10. cxd5 Nf6 11. Qb3 O-O 12. Nf3 h6 13. O-O Bd7 14. Nd2 Be8 15. a4 Bf7 16. b5 c6 17. e4 axb5 18. axb5 cxd5 19. exd5 h5 20. Ra1 Rxa1 21. Rxa1 h4 22. gxh4 Bh6 23. Bc3 Nh5 24. Nc4 Nf4 25. Bd2 Ne2+ 26. Kf1 Nd4 27. Qa4 Bxd2 28. Nxd2 Be8 29. Rb1 Qxh4 30. h3 Qh5 31. Qd1 Qxd1+ 32. Rxd1 Bxb5 33. Nc4 Bxc4 34. dxc4 Rc8 35. f4 Nc2 36. Kf2 exf4 37. Rb1 Ne3 38. Bf3 Nxc4 39. Rxb7 Ne5 40. Bg2 Rc2+ 41. Kg1 f3 42. Bf1 Rd2 43. Re7 Kf8 44. Ra7 Rxd5 45. Kf2 g5 46. Ke3 Rd1 47. Bb5 Rb1 48. Kd4 0-1

[Event "ESP-chT 2nd Division 2019"]
[Site "Linares"]
[Date "2019.08.19"]
[Round "1.4"]
[White "Trigo Urquijo, Sergio"]
[Black "Lopez Grana, Carmen"]
[Result "1-0"]
[ECO "E22"]
[WhiteElo "2385"]
[BlackElo "1761"]
[Annotator "NA"]
[PlyCount "67"]
[EventDate "2019.08.19"]
[EventType "team-tourn"]
[EventCountry "ESP"]
[SourceTitle "playchess.com"]
[Source "ChessBase"]
[SourceQuality "1"]
[TimeControl "5400+30"]

1. d4 Nf6 2. c4 e6 3. Nc3 Bb4 4. Qb3 Bxc3+ 5. Qxc3 d5 6. Nf3 Nbd7 7. Bg5 c6 8. e3 Qc7 9. Bf4 Qd8 10. Bd3 O-O 11. O-O dxc4 12. Qxc4 h6 13. h3 Qe7 14. Rac1 Nb6 15. Qc5 Qd8 16. e4 Nfd7 17. Qa3 Re8 18. Rfd1 Qf6 19. Bc7 g5 20. Bb1 a5 21. Ne5 a4 22. Ng4 Qg7 23. Qb4 h5 24. Nh2 Qf8 25. Qd2 Qg7 26. Qe2 Qh6 27. Qe3 Ra5 28. d5 Rb5 29. dxc6 bxc6 30. Rxc6 Na8 31. Nf3 h4 32. Qd4 Nxc7 33. Rxc7 Nf6 34. Qxa4 1-0

[Event "ESP-chT 2nd Division 2019"]
[Site "Linares"]
[Date "2019.08.19"]
[Round "1.8"]
[White "Khamrakulov, Ibragim S."]
[Black "Ruiz Cuadrado, Fernando"]
[Result "1-0"]
[ECO "C54"]
[WhiteElo "2429"]
[BlackElo "1876"]
[Annotator "NA"]
[PlyCount "59"]
[EventDate "2019.08.19"]
[EventType "team-tourn"]
[EventCountry "ESP"]
[SourceTitle "playchess.com"]
[Source "ChessBase"]
[SourceQuality "1"]
[TimeControl "5400+30"]

1. e4 e5 2. Nf3 Nc6 3. Bc4 Bc5 4. c3 Nf6 5. d3 d6 6. O-O Bb6 7. Bb3 Ne7 8. Be3 O-O 9. Nbd2 Ng6 10. d4 Qe7 11. a4 c6 12. dxe5 dxe5 13. Bxb6 axb6 14. g3 Rd8 15. Qe2 Bg4 16. Rfd1 b5 17. a5 Qc7 18. h3 Bxf3 19. Nxf3 Rxd1+ 20. Rxd1 h6 21. c4 bxc4 22. Qxc4 Rxa5 23. h4 b5 24. Qc5 Nxe4 25. Qc2 Nxg3 26. Qxg6 Ne2+ 27. Kf1 Nf4 28. Bxf7+ Kf8 29. Qf5 Ra8 30. Nxe5 1-0

[Event "ESP-chT 2nd Division 2019"]
[Site "Linares"]
[Date "2019.08.19"]
[Round "1.10"]
[White "Calzetta Ruiz, Monica"]
[Black "Lopez Bezanilla, Claudio"]
[Result "1-0"]
[ECO "B23"]
[WhiteElo "2257"]
[BlackElo "1528"]
[Annotator "NA"]
[PlyCount "27"]
[EventDate "2019.08.19"]
[EventType "team-tourn"]
[EventCountry "ESP"]
[SourceTitle "playchess.com"]
[Source "ChessBase"]
[SourceQuality "1"]
[TimeControl "5400+30"]

1. e4 c5 2. Nc3 d6 3. f4 Nf6 4. Nf3 a6 5. g3 e6 6. Bg2 Be7 7. O-O O-O 8. d4 cxd4 9. Nxd4 Nbd7 10. a4 Qa5 11. Kh1 Nb6 12. Nb3 Qb4 13. a5 Rd8 14. axb6 1-0

[Event "ESP-chT 2nd Division 2019"]
[Site "Linares"]
[Date "2019.08.19"]
[Round "1.11"]
[White "Perez Perez, Gabriel"]
[Black "Sosa, Tomas"]
[Result "0-1"]
[ECO "D35"]
[WhiteElo "2105"]
[BlackElo "2508"]
[Annotator "ChessBase"]
[PlyCount "72"]
[EventDate "2019.08.19"]
[EventType "team-tourn"]
[EventCountry "ESP"]
[SourceTitle "playchess.com"]
[Source "ChessBase"]
[SourceQuality "1"]
[TimeControl "5400+30"]

1. d4 d5 2. c4 e6 3. Nc3 Nf6 4. cxd5 exd5 5. Bg5 c6 6. e3 Be7 7. Bd3 Nbd7 8. Nf3 O-O 9. Qc2 Re8 10. O-O g6 11. h3 Nh5 12. Bxe7 Qxe7 13. Rab1 Nb6 14. b4 a6 15. Rfe1 Be6 16. Na4 Nxa4 17. Qxa4 Ng7 18. Qc2 Nf5 19. a4 Rec8 20. a5 Nd6 21. Nd2 Re8 22. Nb3 Rad8 23. Nc5 Bc8 24. Rbc1 Kg7 25. Kh2 g5 26. Qe2 Ne4 27. Qh5 Rd6 28. Kg1 Rh6 29. Qe2 g4 30. f3 gxh3 31. fxe4 hxg2 32. e5 Qh4 33. Qxg2+ Kh8 34. Re2 Bh3 35. Qh2 Rg8+ 36. Kh1 Bg4 0-1

[Event "ESP-chT 2nd Division 2019"]
[Site "Linares"]
[Date "2019.08.19"]
[Round "1.12"]
[White "Garriga Cazorla, Pere"]
[Black "Rodriguez Redondo, Adhara"]
[Result "1-0"]
[ECO "D31"]
[WhiteElo "2495"]
[BlackElo "2013"]
[Annotator "ChessBase"]
[PlyCount "95"]
[EventDate "2019.08.19"]
[EventType "team-tourn"]
[EventCountry "ESP"]
[SourceTitle "playchess.com"]
[Source "ChessBase"]
[SourceQuality "1"]
[TimeControl "5400+30"]

1. d4 d5 2. c4 e6 3. Nc3 a6 4. cxd5 exd5 5. Nf3 c6 6. e4 dxe4 7. Ng5 Be7 8. Bc4 Bxg5 9. Qh5 g6 10. Qxg5 Qxg5 11. Bxg5 h6 12. Bh4 f5 13. Bg3 Nf6 14. O-O-O Nbd7 15. Bb3 Nb6 16. Be5 Ke7 17. d5 Nbxd5 18. Bxd5 cxd5 19. Nxd5+ Nxd5 20. Bxh8 Be6 21. Be5 Kf7 22. Rd4 a5 23. a3 b5 24. Rhd1 Ne7 25. Rd6 Rc8+ 26. Kb1 Rc5 27. Bd4 Rc8 28. Bc3 a4 29. Rb6 Nd5 30. Rb7+ Rc7 31. Rxc7+ Nxc7 32. Rd8 Ke7 33. Rh8 h5 34. Bb4+ Kf6 35. Rf8+ Bf7 36. Bc3+ Ke7 37. Rb8 Be8 38. Rb7 Kd6 39. Be5+ Kxe5 40. Rxc7 Kf6 41. Kc2 g5 42. Kc3 Ke6 43. Kd4 g4 44. Rh7 Bg6 45. Rb7 Be8 46. Rb6+ Ke7 47. Ke5 Bd7 48. Rh6 1-0

[Event "ESP-chT 2nd Division 2019"]
[Site "Linares"]
[Date "2019.08.19"]
[Round "1.14"]
[White "Marti Puig, Patricia"]
[Black "Alvarez Alonso, Alberto"]
[Result "0-1"]
[ECO "C05"]
[WhiteElo "1683"]
[BlackElo "1986"]
[Annotator "NA RC"]
[PlyCount "102"]
[EventDate "2019.08.19"]
[EventType "team-tourn"]
[EventCountry "ESP"]
[SourceTitle "playchess.com"]
[Source "ChessBase"]
[SourceQuality "1"]
[TimeControl "5400+30"]

1. e4 e6 2. d4 d5 3. Nd2 Nf6 4. e5 Nfd7 5. f4 c5 6. c3 Nc6 7. Ndf3 cxd4 8. cxd4 Bb4+ 9. Bd2 Be7 10. Ne2 f6 11. h4 b5 12. Rc1 Qb6 13. g3 fxe5 14. fxe5 O-O 15. Bf4 Na5 16. Qd3 Re8 17. Ng5 Nf8 18. Bh3 Bd7 19. O-O h6 20. Nf3 Rec8 21. Bd2 Nc4 22. b3 Nxd2 23. Qxd2 Rxc1 24. Rxc1 Rc8 25. Rxc8 Bxc8 26. Nf4 Qc6 27. b4 Bd7 28. a3 a5 29. Ne1 axb4 30. axb4 Qc4 31. Nc2 Qb3 32. Nd3 Be8 33. Nc5 Qxg3+ 34. Qg2 Qxh4 35. Nxe6 Nxe6 36. Bxe6+ Kh8 37. Bxd5 Bxb4 38. Be4 Be7 39. d5 Bc5+ 40. Kf1 Qf4+ 41. Qf3 Qxe5 42. Ne3 Bh5 43. Qf5 Qxf5+ 44. Nxf5 Bg4 45. d6 Bxf5 46. Bxf5 Bxd6 47. Bg6 Kg8 48. Ke2 Kf8 49. Kd3 Ke7 50. Kd4 Kf6 51. Bd3 b4 0-1

[Event "ESP-chT 2nd Division 2019"]
[Site "Linares"]
[Date "2019.08.19"]
[Round "1.16"]
[White "Gamundi Salamanca, Antonio"]
[Black "Rego, Pedro Filipe"]
[Result "1-0"]
[ECO "A45"]
[WhiteElo "2444"]
[BlackElo "2264"]
[Annotator "NA"]
[PlyCount "71"]
[EventDate "2019.08.19"]
[EventType "team-tourn"]
[EventCountry "ESP"]
[SourceTitle "playchess.com"]
[Source "ChessBase"]
[SourceQuality "1"]
[TimeControl "5400+30"]

1. d4 Nf6 2. Bf4 d5 3. e3 c5 4. c3 Nc6 5. Nd2 e6 6. Ngf3 cxd4 7. exd4 Nh5 8. Be3 Bd6 9. Ne5 g6 10. Bb5 Bd7 11. Nxd7 Qxd7 12. O-O O-O 13. Re1 Qc7 14. Nf3 Qb6 15. Qe2 Nf4 16. Qf1 Nh5 17. Rab1 a6 18. Bd3 Qc7 19. g3 Rae8 20. Bh6 Ng7 21. Qg2 f6 22. Re2 e5 23. dxe5 fxe5 24. Ng5 e4 25. Bc2 Kh8 26. Bb3 Ne5 27. Bxd5 Nf3+ 28. Nxf3 exf3 29. Bxf3 Rxe2 30. Bxe2 Bc5 31. Rf1 Re8 32. Bf3 b5 33. Bg4 Qd6 34. Qb7 Re7 35. Qc8+ Ne8 36. Bf8 1-0

[Event "ESP-chT 2nd Division 2019"]
[Site "Linares"]
[Date "2019.08.19"]
[Round "1.19"]
[White "Del Moral Collado, Enrique"]
[Black "Terron Elena, Francisco M."]
[Result "1/2-1/2"]
[ECO "C55"]
[WhiteElo "1779"]
[BlackElo "2167"]
[Annotator "NA"]
[PlyCount "86"]
[EventDate "2019.08.19"]
[EventType "team-tourn"]
[EventCountry "ESP"]
[SourceTitle "playchess.com"]
[Source "ChessBase"]
[SourceQuality "1"]
[TimeControl "5400+30"]

1. e4 e5 2. Nf3 Nc6 3. Bc4 Nf6 4. d3 h6 5. c3 d6 6. h3 g6 7. O-O Bg7 8. Nbd2 O-O 9. Bb3 Kh7 10. Re1 Ng8 11. Nf1 f5 12. exf5 gxf5 13. Ng3 Qe8 14. Nh2 Nf6 15. f4 Qg6 16. Qf3 Bd7 17. Bd2 h5 18. Bd1 Be8 19. fxe5 Nxe5 20. Qxf5 h4 21. Qxg6+ Bxg6 22. Ne4 Nxd3 23. Ng5+ Kh8 24. Bc2 Ne5 25. Rxe5 Bxc2 26. Re7 Nd5 27. Rxg7 Kxg7 28. Ne6+ Kg6 29. Nxf8+ Rxf8 30. Nf3 Kh5 31. Re1 Bg6 32. Re6 Nf4 33. Bxf4 Rxf4 34. Re7 Rf7 35. Re8 Rg7 36. Rh8+ Rh7 37. Rg8 Be4 38. Rg5+ Kh6 39. Rg4 Bxf3 40. Rxh4+ Bh5 41. g4 Kg5 42. Rxh5+ Rxh5 43. gxh5 Kxh5 1/2-1/2

[Event "ESP-chT 2nd Division 2019"]
[Site "Linares"]
[Date "2019.08.19"]
[Round "1.20"]
[White "Lopez Guerrero, Jose Miguel"]
[Black "Gallego Sosa, Clara"]
[Result "1-0"]
[ECO "B52"]
[WhiteElo "2079"]
[BlackElo "1696"]
[Annotator "NA"]
[PlyCount "87"]
[EventDate "2019.08.19"]
[EventType "team-tourn"]
[EventCountry "ESP"]
[SourceTitle "playchess.com"]
[Source "ChessBase"]
[SourceQuality "1"]
[TimeControl "5400+30"]

1. e4 c5 2. Nf3 d6 3. Bb5+ Bd7 4. Bxd7+ Qxd7 5. c4 Nc6 6. d4 cxd4 7. Nxd4 Nf6 8. Nc3 g6 9. f3 Bg7 10. Be3 Ne5 11. b3 O-O 12. O-O Rac8 13. Qd2 Nc6 14. Rad1 Rfd8 15. Rfe1 a6 16. Na4 Rb8 17. Nxc6 bxc6 18. Bb6 Rf8 19. Bd4 Qb7 20. e5 dxe5 21. Bxe5 Rbc8 22. Qa5 e6 23. Qb6 Qxb6+ 24. Nxb6 Rcd8 25. Bxf6 Bxf6 26. Nd7 Bc3 27. Nxf8 Rxf8 28. Re3 Bf6 29. Red3 Be7 30. Rd7 Bb4 31. Kf1 Kg7 32. Rc7 c5 33. Rdd7 g5 34. g4 Kg6 35. Ke2 h6 36. h3 Kf6 37. Kd3 Kg6 38. Ke3 Kf6 39. Ke4 Kg6 40. Ke5 Bc3+ 41. Kd6 Bb4 42. Rb7 Kf6 43. Rxb4 cxb4 44. c5 1-0

[Event "ESP-chT 2nd Division 2019"]
[Site "Linares"]
[Date "2019.08.19"]
[Round "1.21"]
[White "Ramos Moreno, Francisco Jose"]
[Black "Adla, Diego"]
[Result "1/2-1/2"]
[ECO "C44"]
[WhiteElo "2112"]
[BlackElo "2424"]
[Annotator "NA"]
[PlyCount "73"]
[EventDate "2019.08.19"]
[EventType "team-tourn"]
[EventCountry "ESP"]
[SourceTitle "playchess.com"]
[Source "ChessBase"]
[SourceQuality "1"]
[TimeControl "5400+30"]

1. e4 e5 2. d4 exd4 3. Nf3 Nc6 4. c3 d5 5. exd5 Qxd5 6. cxd4 Bg4 7. Be2 Bb4+ 8. Nc3 Bxf3 9. Bxf3 Qc4 10. Bxc6+ bxc6 11. Qe2+ Qxe2+ 12. Kxe2 O-O-O 13. Be3 Nf6 14. Kd3 Rhe8 15. Kc4 Bxc3 16. bxc3 Rd5 17. Rhe1 Ra5 18. a4 Kd7 19. Kd3 Rb8 20. c4 Rh5 21. h3 Rf5 22. a5 a6 23. g4 Rf3 24. Rh1 Rb2 25. g5 Nh5 26. Ke4 Rfxf2 27. Bxf2 Rxf2 28. Ke3 Rg2 29. h4 Rg3+ 30. Kd2 Rg2+ 31. Kc3 Ng3 32. Rhe1 Nf5 33. Rg1 Rh2 34. Rh1 Rg2 35. Rhg1 Rh2 36. Rh1 Rg2 37. Rhg1 1/2-1/2

[Event "ESP-chT 2nd Division 2019"]
[Site "Linares"]
[Date "2019.08.19"]
[Round "1.22"]
[White "Glavina, Pablo"]
[Black "Ledesma Claros, Daniel"]
[Result "1-0"]
[ECO "A21"]
[WhiteElo "2407"]
[BlackElo "2061"]
[Annotator "NA"]
[PlyCount "53"]
[EventDate "2019.08.19"]
[EventType "team-tourn"]
[EventCountry "ESP"]
[SourceTitle "playchess.com"]
[Source "ChessBase"]
[SourceQuality "1"]
[TimeControl "5400+30"]

1. c4 e5 2. Nc3 Bb4 3. Nf3 Bxc3 4. dxc3 e4 5. Nd4 Nf6 6. g3 O-O 7. Bg2 Re8 8. O-O d6 9. h3 h6 10. a4 Nbd7 11. a5 Ne5 12. b3 a6 13. Nc2 Be6 14. Ne3 Qd7 15. Kh2 Rad8 16. Ra2 c6 17. f4 exf3 18. exf3 Bf5 19. Rd2 Bh7 20. Ba3 c5 21. Bxc5 dxc5 22. Rxd7 Rxd7 23. Nd5 Nxd5 24. cxd5 c4 25. bxc4 Nxc4 26. Qa4 Rxd5 27. Qxe8# 1-0

[Event "ESP-chT 2nd Division 2019"]
[Site "Linares"]
[Date "2019.08.19"]
[Round "1.23"]
[White "Garrido Diaz, Ernesto"]
[Black "Quintin Navarro, Alberto"]
[Result "0-1"]
[ECO "C44"]
[WhiteElo "2012"]
[BlackElo "2376"]
[Annotator "NA"]
[PlyCount "72"]
[EventDate "2019.08.19"]
[EventType "team-tourn"]
[EventCountry "ESP"]
[SourceTitle "playchess.com"]
[Source "ChessBase"]
[SourceQuality "1"]
[TimeControl "5400+30"]

1. e4 e5 2. Nf3 Nc6 3. d4 exd4 4. Nxd4 g6 5. c4 Bg7 6. Be3 Nf6 7. Nc3 d6 8. Be2 O-O 9. O-O Re8 10. f3 Bd7 11. Qd2 Nh5 12. Nxc6 Bxc6 13. Rad1 a6 14. Kh1 b5 15. cxb5 axb5 16. a3 Qb8 17. Na2 Qb7 18. Nb4 Bd7 19. Rc1 Nf6 20. Rfd1 c5 21. Nd5 Nxd5 22. Qxd5 Qxd5 23. Rxd5 Bxb2 24. Rcd1 Rxa3 25. Bxc5 dxc5 26. Rxd7 c4 27. Rc7 Rb8 28. Rc5 Ra1 29. Rxa1 Bxa1 30. g3 Bd4 31. Rd5 Be3 32. Rd1 c3 33. Bd3 b4 34. Re1 Bd2 35. Rb1 b3 36. Kg2 Rb4 0-1

[Event "ESP-chT 2nd Division 2019"]
[Site "Linares"]
[Date "2019.08.19"]
[Round "1.24"]
[White "Vela Frago, Alberto"]
[Black "Garrido Diaz, Jose Antonio"]
[Result "1/2-1/2"]
[ECO "A13"]
[WhiteElo "2155"]
[BlackElo "1959"]
[Annotator "NA"]
[PlyCount "80"]
[EventDate "2019.08.19"]
[EventType "team-tourn"]
[EventCountry "ESP"]
[SourceTitle "playchess.com"]
[Source "ChessBase"]
[SourceQuality "1"]
[TimeControl "5400+30"]

1. c4 e6 2. Nf3 d5 3. e3 Nf6 4. b3 Bd6 5. Bb2 c6 6. Be2 Nbd7 7. d4 O-O 8. O-O b6 9. Nbd2 Bb7 10. Rc1 Qe7 11. Ne5 c5 12. cxd5 exd5 13. Nxd7 Nxd7 14. Bf3 Nf6 15. Nb1 Rfd8 16. Qe2 Rac8 17. Rfd1 h6 18. g3 cxd4 19. Bxd4 Be5 20. Qb2 Bxd4 21. Qxd4 Ne4 22. Bg4 Rxc1 23. Rxc1 Nc5 24. Rd1 Ne6 25. Qb2 d4 26. Qe2 Qd6 27. Nd2 d3 28. Qe1 Ng5 29. h4 Qc6 30. e4 Nxe4 31. Nxe4 Qxe4 32. Qxe4 Bxe4 33. f3 Bb7 34. Kf2 Ba6 35. Bh3 g6 36. Rd2 Kg7 37. Bf1 Rc8 38. Ke3 Re8+ 39. Kf2 Rc8 40. Ke3 Re8+ {[%emt 0:01:28] Ke4} 1/2-1/2

[Event "ESP-chT 2nd Division 2019"]
[Site "Linares"]
[Date "2019.08.19"]
[Round "1.25"]
[White "Guillen Escalona, Elisa"]
[Black "Roque Sola, Gisela"]
[Result "0-1"]
[ECO "C00"]
[WhiteElo "1719"]
[BlackElo "2048"]
[Annotator "NA"]
[PlyCount "84"]
[EventDate "2019.08.19"]
[EventType "team-tourn"]
[EventCountry "ESP"]
[SourceTitle "playchess.com"]
[Source "ChessBase"]
[SourceQuality "1"]
[TimeControl "5400+30"]

1. e4 e6 2. d4 d5 3. Bd3 dxe4 4. Bxe4 Nf6 5. Bg5 Be7 6. Bxf6 Bxf6 7. Ne2 c5 8. c3 Qb6 9. Na3 cxd4 10. Nc4 Qc7 11. Qa4+ Bd7 12. Qb4 Be7 13. Qxb7 Qxc4 14. Qxa8 O-O 15. Nxd4 Na6 16. Qb7 Nc5 17. Qxa7 e5 18. O-O-O exd4 19. Rxd4 Qe2 20. Rxd7 Bg5+ 21. Kb1 Qxe4+ 22. Ka1 Nxd7 23. Qxd7 Rd8 24. Qb5 Bf4 25. f3 Qc2 26. a3 Rb8 27. Re1 g6 28. Re8+ Rxe8 29. Qxe8+ Kg7 30. g3 Bd6 31. Qe4 Qxe4 32. fxe4 Kf6 33. b4 Ke5 34. a4 Kxe4 35. Ka2 f5 36. a5 g5 37. a6 Bb8 38. b5 Ba7 39. Kb3 f4 40. Kb4 f3 41. c4 Kd4 42. Ka5 Kc5 0-1

[Event "ESP-chT 2nd Division 2019"]
[Site "Linares"]
[Date "2019.08.19"]
[Round "1.26"]
[White "Reinaldo Castineira, Roi"]
[Black "Accattato Martin, Mario"]
[Result "1-0"]
[ECO "D10"]
[WhiteElo "2467"]
[BlackElo "2234"]
[Annotator "ChessBase"]
[PlyCount "55"]
[EventDate "2019.08.19"]
[EventType "team-tourn"]
[EventCountry "ESP"]
[SourceTitle "playchess.com"]
[Source "ChessBase"]
[SourceQuality "1"]
[TimeControl "5400+30"]

1. d4 d5 2. c4 c6 3. cxd5 cxd5 4. Nc3 Nc6 5. e4 e6 6. e5 Qb6 7. Nf3 Bd7 8. Be2 Be7 9. O-O h5 10. a3 g5 11. Na4 Qd8 12. Be3 Nh6 13. Rc1 b6 14. Ne1 h4 15. Nc3 Nf5 16. Bg4 O-O 17. Bxf5 exf5 18. Nxd5 f4 19. Qh5 Be8 20. Nxe7+ Qxe7 21. Bd2 f6 22. Qf3 fxe5 23. Rxc6 e4 24. Qb3+ Kh7 25. Re6 Qf7 26. Bb4 Ba4 27. Qd5 Rae8 28. Qxe4+ 1-0

[Event "ESP-chT 2nd Division 2019"]
[Site "Linares"]
[Date "2019.08.19"]
[Round "1.27"]
[White "Barranco Mananet, Fernando"]
[Black "Laiz Ibanez, Hector"]
[Result "0-1"]
[ECO "C00"]
[WhiteElo "2045"]
[BlackElo "2274"]
[Annotator "NA"]
[PlyCount "74"]
[EventDate "2019.08.19"]
[EventType "team-tourn"]
[EventCountry "ESP"]
[SourceTitle "playchess.com"]
[Source "ChessBase"]
[SourceQuality "1"]
[TimeControl "5400+30"]

1. e4 e6 2. d4 d5 3. Bd3 c5 4. exd5 exd5 5. Nf3 c4 6. Be2 Bd6 7. b3 cxb3 8. axb3 Ne7 9. O-O O-O 10. Bb2 Nbc6 11. Na3 Ng6 12. Nb5 Bb8 13. c4 Nf4 14. cxd5 Nxe2+ 15. Qxe2 Qxd5 16. Qc4 Be6 17. Qxd5 Bxd5 18. Nd2 a6 19. Nc3 Rd8 20. Nxd5 Rxd5 21. Nc4 Ba7 22. Ne3 Rd7 23. d5 Ne7 24. Rfe1 Bxe3 25. Rxe3 Nxd5 26. Rd3 Rad8 27. Rad1 f6 28. g3 Nb6 29. Rxd7 Rxd7 30. Rxd7 Nxd7 31. b4 Kf7 32. Kf1 Ke6 33. Ke2 Kd5 34. Kd3 Ne5+ 35. Bxe5 fxe5 36. f3 b6 37. Kc3 a5 {[%emt 0:00:19] Kd4+} 0-1

[Event "ESP-chT 2nd Division 2019"]
[Site "Linares"]
[Date "2019.08.19"]
[Round "1.28"]
[White "Torrado Quintela, Julio"]
[Black "Arrieta Restrepo, Steven"]
[Result "1-0"]
[ECO "B74"]
[WhiteElo "2169"]
[BlackElo "1974"]
[Annotator "NA"]
[PlyCount "75"]
[EventDate "2019.08.19"]
[EventType "team-tourn"]
[EventCountry "ESP"]
[SourceTitle "playchess.com"]
[Source "ChessBase"]
[SourceQuality "1"]
[TimeControl "5400+30"]

1. e4 c5 2. Nc3 Nc6 3. Nf3 g6 4. d4 cxd4 5. Nxd4 Bg7 6. Be3 d6 7. Be2 Nf6 8. O-O O-O 9. Nb3 a6 10. a4 Be6 11. f4 Rc8 12. Bf3 Bxb3 13. cxb3 Qa5 14. Kh1 Rfd8 15. Qe2 Qb4 16. a5 e5 17. Qd1 Nd4 18. Ra4 Qc5 19. Ne2 Qc2 20. Nxd4 exd4 21. Bxd4 Qxd1 22. Rxd1 Nd7 23. Bxg7 Kxg7 24. h3 Nc5 25. Rb4 Kf6 26. Rb6 Ke7 27. b4 Ne6 28. Rxb7+ Kf6 29. Rb6 Rb8 30. Rxa6 Rxb4 31. e5+ Kf5 32. Raxd6 Rdb8 33. a6 Ra4 34. Rd7 Kxf4 35. a7 Rf8 36. a8=Q Raxa8 37. Bxa8 Rxa8 38. Rxf7+ 1-0

[Event "ESP-chT 2nd Division 2019"]
[Site "Linares"]
[Date "2019.08.19"]
[Round "1.29"]
[White "Garreta Nieto, Maria"]
[Black "Cruz Alvarez de Ron, Dan"]
[Result "0-1"]
[ECO "B06"]
[WhiteElo "1791"]
[BlackElo "2125"]
[Annotator "NA"]
[PlyCount "72"]
[EventDate "2019.08.19"]
[EventType "team-tourn"]
[EventCountry "ESP"]
[SourceTitle "playchess.com"]
[Source "ChessBase"]
[SourceQuality "1"]
[TimeControl "5400+30"]

1. e4 g6 2. Nf3 Bg7 3. d4 d6 4. Bd3 Nd7 5. c3 e6 6. O-O Ne7 7. Be3 b6 8. Re1 Bb7 9. Nbd2 h6 10. Nc4 Nf6 11. Ncd2 g5 12. h3 g4 13. hxg4 Nxg4 14. Qa4+ Qd7 15. Bb5 c6 16. Ba6 Bxa6 17. Qxa6 Ng6 18. Qe2 h5 19. Nf1 Nxe3 20. Nxe3 Nf4 21. Qc2 h4 22. Rad1 O-O-O 23. c4 Rdg8 24. Kh1 Bh6 25. Rg1 Nh5 26. Rge1 Bxe3 27. Rxe3 Nf4 28. Ne1 f6 29. e5 f5 30. f3 h3 31. g4 fxg4 32. fxg4 Rxg4 33. Nd3 Nxd3 34. Qxd3 Qg7 35. exd6 Rg2 36. Ree1 Rh2+ 0-1

[Event "ESP-chT 2nd Division 2019"]
[Site "Linares"]
[Date "2019.08.19"]
[Round "1.30"]
[White "Dorado Meijide, Andrea"]
[Black "Garreta Crespo, Blas"]
[Result "0-1"]
[ECO "B13"]
[WhiteElo "1762"]
[BlackElo "1753"]
[Annotator "NA RC"]
[PlyCount "124"]
[EventDate "2019.08.19"]
[EventType "team-tourn"]
[EventCountry "ESP"]
[SourceTitle "playchess.com"]
[Source "ChessBase"]
[SourceQuality "1"]
[TimeControl "5400+30"]

1. e4 c6 2. d4 d5 3. exd5 cxd5 4. Nf3 Nf6 5. Bd3 Bg4 6. O-O e6 7. Nbd2 Nc6 8. c3 Bd6 9. Re1 Qc7 10. h3 Bh5 11. b4 a6 12. Nb3 O-O 13. Bd2 e5 14. dxe5 Nxe5 15. Be2 Bxf3 16. Bxf3 Rfe8 17. Nd4 Nd3 18. Rxe8+ Rxe8 19. Qc2 Ne5 20. Qf5 Nxf3+ 21. Nxf3 Qc4 22. Nd4 Bxb4 23. Rc1 Bc5 24. Be3 Qxa2 25. Bg5 Ne4 26. Be3 Qc4 27. Qd7 Rf8 28. Qxb7 a5 29. Qc6 Nxc3 30. Qc7 Bb4 31. Qxc4 dxc4 32. Bd2 Na2 33. Bxb4 Nxc1 34. Bxf8 Kxf8 35. Kf1 a4 36. Nc2 Ke7 37. Ke1 Nd3+ 38. Kd2 Kd6 39. Kc3 Kc5 40. Na3 Nxf2 41. Nxc4 Ne4+ 42. Kd3 Nd6 43. Ne5 f6 44. Nd7+ Kb4 45. Kc2 Nc4 46. Nb8 Ne3+ 47. Kb2 Nxg2 48. Nc6+ Kc5 49. Nd8 f5 50. Ne6+ Kb4 51. Nxg7 f4 52. Nf5 Ne1 53. h4 f3 54. Ng3 f2 55. h5 Nf3 56. Nf1 Nd4 57. Ng3 a3+ 58. Ka2 Ne6 59. Nf1 Nf4 60. h6 Nh5 61. Kb1 Nf6 62. Ne3 Ng4 0-1

[Event "ESP-chT 2nd Division 2019"]
[Site "Linares"]
[Date "2019.08.19"]
[Round "1.31"]
[White "Biedma Martin, Enrique"]
[Black "Sos Andreu, Eric"]
[Result "1/2-1/2"]
[ECO "D91"]
[WhiteElo "2209"]
[BlackElo "2354"]
[Annotator "NA"]
[PlyCount "43"]
[EventDate "2019.08.19"]
[EventType "team-tourn"]
[EventCountry "ESP"]
[SourceTitle "playchess.com"]
[Source "ChessBase"]
[SourceQuality "1"]
[TimeControl "5400+30"]

1. d4 Nf6 2. Nf3 g6 3. c4 Bg7 4. Nc3 d5 5. Bg5 Ne4 6. cxd5 Nxg5 7. Nxg5 e6 8. Qd2 h6 9. Nh3 exd5 10. Qe3+ Kf8 11. Nf4 c6 12. O-O-O Nd7 13. Qd2 Nf6 14. e3 h5 15. Bd3 Bh6 16. Kb1 Qd6 17. h4 Kg7 18. g3 Bg4 19. Be2 Bf5+ 20. Bd3 Bg4 21. Be2 Bf5+ 22. Bd3 1/2-1/2